 Dungeon Crawl Stone Soup version 0.17.1-1-g73c8601 (webtiles) character file.

79 JustSomeDude the Skirmisher (level 4, -2/37 HPs)
             Began as a Demonspawn Abyssal Knight on Dec 15, 2015.
             Was a Priest of Lugonu.
             Succumbed to an orc wizard's poison
             ... on level 3 of the Dungeon.
             The game lasted 00:17:19 (1816 turns).

JustSomeDude the Skirmisher (DsAK)                  Turns: 1816, Time: 00:17:19

Health: -2/37      AC: 13    Str: 12    XL:     4   Next: 16%
Magic:  5/6        EV:  5    Int: 14    God:    Lugonu [***...]
Gold:   52         SH:  0    Dex: 10    Spells: 0 memorised, 3 levels left

rFire  . . .     SeeInvis .       - Unarmed
rCold  . . .     Clarity  .     k - +0 chain mail
rNeg   . . .     SustAt   .     (no shield)
rPois  .         Gourm    +     (no helmet)
rElec  .         Spirit   +     (no cloak)
rCorr  .         Warding  .     (no gloves)
rMut   .         Stasis   .     (no boots)
MR     .....                    b - amulet of the gourmand
Stlth  ..........               i - +5 ring of protection
                                e - -3 ring of dexterity (curse)

@: lethally poisoned (-2 -> -77), not resistant to hostile enchantments,
extremely unstealthy
A: magic shield
a: Depart the Abyss, Bend Space, Banish, Renounce Religion


You were on level 3 of the Dungeon.
You worshipped Lugonu.
Lugonu was most pleased with you.
You were not hungry.

You visited 1 branch of the dungeon, and saw 3 of its levels.
You visited the Abyss 1 time.

You collected 52 gold pieces.

Inventory:

Hand Weapons
 o - a +0 hunting sling
Missiles
 p - 17 stones (quivered)
Armour
 a - a +0 leather armour
 k - a +0 chain mail (worn)
Jewellery
 b - an amulet of the gourmand (around neck)
 e - a cursed -3 ring of dexterity (left hand)
 g - an uncursed amulet of regeneration
 i - a +5 ring of protection (right hand)
Scrolls
 n - a scroll of identify
Potions
 f - a potion of might {unknown}
 j - a potion of cure mutation {unknown}
 m - a potion of invisibility {unknown}
Comestibles
 c - a beef jerky
 h - 6 fruits


   Skills:
 + Level 3.8 Fighting
 + Level 2.4 Armour
 + Level 1.7 Dodging
 + Level 0.2 Stealth
 + Level 2.2 Unarmed Combat
 * Level 2.7 Invocations


You had 3 spell levels left.
You didn't know any spells.

Dungeon Overview and Level Annotations

Branches:
Dungeon (3/15)

Altars:
Gozag
Zin
The Shining One


Innate Abilities, Weirdness & Mutations

When hurt, damage is shared between your health and your magic reserves.


Message History

You hit the orc but do no damage.
The orc is lightly wounded.
You feel very sick. Something hits you but does no damage.
You are more poisoned.
You barely miss something.
* * * LOW HITPOINT WARNING * * *
You feel very sick. The orc hits you but does no damage.
Something hits you but does no damage.
You are more poisoned.
You closely miss something.
* * * LOW HITPOINT WARNING * * *
You feel very sick. The orc hits you but does no damage.
Something hits you but does no damage.
You are more poisoned.
You are too injured to fight recklessly!
As you read the scroll labeled ATUIN NUSI, it crumbles to dust.
You hear a loud clanging noise!
It was a scroll of noise.
You die...

## .#
###.#
...#
###..#
#<#.?#
#.#..#
#@oo.#
###.##
....
#.....
#####.#
#


You could see 2 orcs.

Vanquished Creatures
  2 adders (D:2)
  2 oozes (D:2)
  A worm (D:2)
  A giant cockroach (D:1)
  5 goblins
  5 hobgoblins
  4 jackals (D:2)
  6 kobolds
  9 bats
  3 giant newts
  11 rats
49 creatures vanquished.

Notes
Turn   | Place    | Note
--------------------------------------------------------------
     0 | Abyss:1  | JustSomeDude the Demonspawn Abyssal Knight began the quest for the Orb.
     0 | Abyss:1  | Reached XP level 1. HP: 18/18 MP: 2/2
     6 | D:1      | Escaped the Abyss
   329 | D:1      | Gained mutation: When hurt, damage is shared between your health and your magic reserves. [demonic ancestry]
   329 | D:1      | Reached XP level 2. HP: 21/24 MP: 3/3
   436 | D:1      | Reached ** piety under Lugonu
   496 | D:1      | Reached skill level 1 in Dodging
  1062 | D:2      | Reached XP level 3. HP: 29/29 MP: 4/4
  1107 | D:2      | Found a glowing silver altar of Zin.
  1108 | D:2      | Found an opulent altar of Gozag.
  1144 | D:2      | Found a glowing golden altar of the Shining One.
  1417 | D:2      | Found a glowing golden altar of the Shining One.
  1524 | D:2      | Reached *** piety under Lugonu
  1524 | D:2      | Reached XP level 4. HP: 12/37 MP: 3/5
  1816 | D:3      | Succumbed to an orc wizard's poison

Action                   |  1- 3 |  4- 6 || total
-------------------------+-------+-------++-------
Melee: Unarmed           |   269 |    53 ||   322
  Use: Scroll            |     3 |     1 ||     4
       Potion            |     3 |     1 ||     4
  Eat: Bread ration      |     1 |       ||     1
       Chunk             |       |     2 ||     2
